 Dungeon Crawl Stone Soup version 0.28-a0-2-g643f2454ad (webtiles) character file.

Game seed: 12446937137143969376

145 ezpacito the Skirmisher (level 5, 41/41 HPs)
             Began as a Demonspawn Abyssal Knight on July 22, 2021.
             Was a Believer of Lugonu.
             Quit the game on level 4 of the Dungeon.
             The game lasted 00:07:44 (3623 turns).

ezpacito the Skirmisher (Demonspawn Abyssal Knight) Turns: 3623, Time: 00:07:45

Health: 41/41      AC:  7    Str: 13    XL:     5   Next: 6%
Magic:  7/7        EV: 25    Int: 13    God:    Lugonu [**....]
Gold:   87         SH:  0    Dex: 13    Spells: 4/6 levels left

rFire   . . .      SeeInvis .   a - +1 hand axe
rCold   . . .      Faith    .   (no shield)
rNeg    . . .      Spirit   .   f - +0 ring mail
rPois   .          Reflect  .   (helmet restricted)
rElec   .          Harm     .   (no cloak)
rCorr   +          Rampage  .   (no gloves)
Will    .....                   (no boots)
Stlth   +.........              e - amulet of the acrobat
HPRegen 0.13/turn               d - ring of resist corrosion
MPRegen 0.10/turn               b - ring of flight

@: acrobatic, flying
A: antennae 1, yellow scales 1, demonic magic 1
a: Renounce Religion, Depart the Abyss, Bend Space


You were on level 4 of the Dungeon.
You worshipped Lugonu.
Lugonu was pleased with you.
You visited 1 branch of the dungeon, and saw 4 of its levels.
You visited the Abyss 1 time.

You collected 87 gold pieces.

Inventory:

Hand Weapons
 a - a +1 hand axe (weapon)
Missiles
 g - 35 poisoned darts
 h - 4 boomerangs of dispersal
 i - 6 atropa-tipped darts
 k - 118 stones
Armour
 f - a +0 ring mail (worn)
 n - a +2 helmet
Jewellery
 b - a ring of flight (right hand)
 d - a ring of resist corrosion (left hand)
 e - an amulet of the acrobat (around neck)
 q - a ring of flight
Scrolls
 c - a scroll of teleportation
 o - a scroll of brand weapon {unknown}
 r - a scroll of acquirement {unknown}
Potions
 j - a potion of heal wounds {unknown}
 l - a potion of brilliance
 m - 2 potions of curing
 p - a potion of attraction {unknown}


   Skills:
 + Level 3.5 Fighting
 * Level 2.7 Axes
 + Level 2.2 Armour
 + Level 1.4 Dodging
 + Level 0.9 Unarmed Combat
 + Level 1.1 Spellcasting
 + Level 0.4 Hexes
 + Level 0.2 Transmutations
 + Level 1.1 Poison Magic
 + Level 3.0 Invocations


You had 4 spell levels left.
You knew the following spells:

 Your Spells              Type           Power      Damage    Failure   Level
a - Sting                 Tmut/Pois      8%         1d3       41%         1
b - Corona                Hex            1%         N/A       45%         1

Your spell library contained the following spells:

 Spells                   Type           Power      Damage    Failure   Level
 Poisonous Vapours        Pois/Air       4%         N/A       56%         2
 Ensorcelled Hibernation  Hex/Ice        2%         N/A       63%         2
 Passwall                 Tmut/Erth      0%         N/A       65%         2
 Tukima's Dance           Hex            1%         N/A       83%         3
 Ozocubu's Armour         Ice            0%         N/A       87%         3
 Swiftness                Air            0%         N/A       87%         3
 Olgreb's Toxic Radiance  Pois           3%         N/A       98%         4
 Passage of Golubria      Tloc           N/A        N/A       99%         4
 Yara's Violent Unravell  Hex/Tmut       0%         3d3       100%        5
 Invisibility             Hex            0%         N/A       100%        6
 Ozocubu's Refrigeration  Ice            0%         4d5       100%        7


Dungeon Overview and Level Annotations

Branches:
Dungeon (4/15)
 Temple: D:4-7

Altars:
Qazlal
Uskayaw


Innate Abilities, Weirdness & Mutations

You have a pair of small antennae on your head.
You are partially covered in yellow scales. (AC +2)
Spells you cast may paralyse adjacent enemies.


Message History

You kill the ufetubus!
Lugonu accepts your kill.
Your magical contamination has completely faded away.
You start resting.
HP restored.
c - a scroll of teleportation An adder comes into view.
The adder hisses angrily.
Found a robe.
An adder is nearby!
The adder bites you but does no damage.
You hit the adder.
The adder is moderately wounded.
The adder bites you but does no damage.
You slash the adder!
You kill the adder!
Lugonu accepts your kill.
You have reached level 5!
Your demonic ancestry asserts itself...
A pair of antennae grows on your head!
Your +2 helmet falls away!
You see here an adder corpse.
Found a stone staircase leading down.
Found a stone staircase leading down.
Found a ring of flight.
You see here a ring of flight.
You pick up Great Wizards, Vol.
VII and begin reading...
You add the spells Passage of Golubria and Yara's Violent Unravelling to your library.
You pick up a book of Burglary and begin reading...
You add the spells Passwall, Swiftness and Invisibility to your library.
Found a hand axe.
No target in view!
No target in view!
No target in view!
No target in view!
No target in view!
No target in view!
No target in view!
No target in view!
Are you sure you want to abandon this character and quit the game? (Confirm with "yes".)

#.#..#..##.......
#.#..#..##......#
#.#............## .
#.##.#..#####.## ).
#.......# ######
...########.#######.....
.........#..............
.............##..#>.....
.......@.#...##........>
...#######....#.#.#.....
#....#.#.######
#.#..#.#.......
#####......#.#####.
.............#####.
.#######...........
#.###..#.#.. ### #.#
#..#.#..


There were no monsters in sight!

Vanquished Creatures
  Robin (D:3)
  4 adders
  An ufetubus (D:4)
  4 dart slugs
  3 endoplasms
  2 giant cockroaches
  15 goblins
  8 hobgoblins
  7 jackals (D:1)
  6 kobolds
  3 quokkas
  4 ball pythons
  9 bats (D:1)
  8 frilled lizards
  5 rats
80 creatures vanquished.

Vanquished Creatures (others)
  3 plants (D:2)
3 creatures vanquished.

Grand Total: 83 creatures vanquished

Notes
Turn   | Place    | Note
-------+----------+-------------------------------------------
     0 | Abyss:1  | ezpacito the Demonspawn Abyssal Knight began the quest for
                  | the Orb.
     0 | Abyss:1  | Reached XP level 1. HP: 18/18 MP: 2/2
     2 | Abyss:1  | Found a corrupted altar of Lugonu.
    34 | Abyss:1  | Noticed a starcursed mass
    41 | D:1      | Escaped the Abyss
   317 | D:1      | Reached skill level 1 in Dodging
   327 | D:1      | Gained mutation: You are partially covered in yellow
                  | scales. (AC +2) [demonic ancestry]
   327 | D:1      | Reached XP level 2. HP: 18/24 MP: 3/3
   461 | D:1      | Reached * piety under Lugonu
   696 | D:1      | Gained mutation: Spells you cast may paralyse adjacent
                  | enemies. [demonic ancestry]
   696 | D:1      | Reached XP level 3. HP: 26/29 MP: 5/5
  1116 | D:1      | Found a faded altar of an unknown god.
  1283 | D:1      | Learned a level 1 spell: Sting
  1285 | D:1      | Learned a level 1 spell: Corona
  1560 | D:2      | Reached ** piety under Lugonu
  2022 | D:3      | Reached skill level 1 in Spellcasting
  2392 | D:3      | Reached XP level 4. HP: 34/35 MP: 6/6
  2423 | D:3      | Noticed Robin
  2449 | D:3      | Reached skill level 1 in Poison Magic
  2468 | D:3      | Killed Robin
  2825 | D:3      | Found a stormy altar of Qazlal.
  3057 | D:3      | Found a hide-covered altar of Uskayaw.
  3497 | D:4      | Gained mutation: You have a pair of small antennae on your
                  | head. [demonic ancestry]
  3497 | D:4      | Reached XP level 5. HP: 41/41 MP: 7/7
  3623 | D:4      | Quit the game

Illustrated notes

Levels and vault maps discovered:
D:1:      minmay_arrival_stone_box, layout_rooms,
          shapermc_ecumenical_altar_mp_vishouse, minmay_tetromino_s4
D:2:      cheibrodos_old_hovel, layout_basic
D:3:      mumra_celtic_spiral_tile, layout_loops_corners, old_standard_altar,
          mainiacjoe_overflow_concentric_impassable, minmay_tree_intersection,
          minivault_19, uniq_robin
D:4:      layout_loops_cross, serial_shops, nicolae_shop_overgrown_old_shop

Skill      XL: |  1  2  3  4 |
---------------+-------------+-----
Dodging        | 1 |  1.4
Axes           | 2 |  2.7
Armour         | 2 |  2.2
Spellcasting   | 1 |  1.1
Poison Magic   | 1 |  1.1
Invocations    | 3 |  3.0
Fighting       | |  3.5
Unarmed Combat | |  0.9
Hexes          | |  0.4
Transmutations | |  0.2

Action                   |  1- 3 |  4- 6 || total
-------------------------+-------+-------++-------
Melee: Hand axe          |   178 |    76 ||   254
 Cast: Sting             |       |     3 ||     3
       Corona            |       |     2 ||     2
Invok: Depart the Abyss  |     1 |       ||     1
  Use: Scroll            |     3 |     1 ||     4
 Stab: Paralysed         |       |     5 ||     5
Armor: Leather armour    |    67 |       ||    67
       Ring mail         |    23 |    32 ||    55
Dodge: Dodged            |   161 |    53 ||   214

Table legend: (Time is in decaauts)
 A = Elapsed time spent in this place.
 B = Non-inter-level travel time spent in this place.
 C = Inter-level travel time spent in this place.
 D = Time resting spent in this place.
 E = Time spent auto-exploring this place.
 F = Levels seen in this place.
 G = Mean time per level.
                   A        B        C        D        E       F      G
               +--------+--------+--------+--------+--------+-----+--------+
         Total |   3667 |   3528 |    139 |    227 |   2662 |   5 |  733.4 |
       Dungeon |   3626 |   3487 |    139 |    227 |   2662 |   4 |  906.5 |
         Abyss |     41 |     41 |      0 |      0 |      0 |   1 |   41.0 |
               +--------+--------+--------+--------+--------+-----+--------+

Top non-repeatable levels by time:
     D:3: 1631 daAuts
     D:1: 1279 daAuts
     D:2: 526 daAuts
     D:4: 188 daAuts
 Abyss:1: 41 daAuts
